 Dungeon Crawl Stone Soup version 0.28-a0-563-gf77a47075d (webtiles) character file.

Game seed: 8543880536493318431

10048 lunkers the Grappler (level 11, -7/113 HPs)
             Began as a Troll Cinder Acolyte on Sept 29, 2021.
             Was a High Priest of Ignis.
             Mangled by an ettin (10 damage)
             ... on level 10 of the Dungeon on Sept 30, 2021.
             The game lasted 00:24:00 (8399 turns).

lunkers the Grappler (Troll Cinder Acolyte)         Turns: 8399, Time: 00:24:01

Health: -7/113     AC: 15    Str: 24    XL:     11   Next: 31%
Magic:  11/11      EV:  6    Int: 10    God:    Ignis [*****.]
Gold:   51         SH:  6    Dex:  8    Spells: 12/12 levels left

rFire   + . .      SeeInvis +     - Unarmed
rCold   . . .      Faith    .   B - +1 kite shield {reflect}
rNeg    . . .      Spirit   .   w - +0 acid dragon scales
rPois   .          Reflect  +   (helmet restricted)
rElec   .          Harm     .   l - +1 cloak
rCorr   +          Rampage  .   (gloves unavailable)
Will    .....                   (boots unavailable)
Stlth   +.........              y - amulet of regeneration
HPRegen 2.28/turn               u - +4 ring of protection
MPRegen 0.12/turn               g - ring of see invisible

@: no status effects
A: large, unfitting armour, claws 3, regeneration 1, shaggy fur 1, tough skin 1
a: Renounce Religion, Sea of Fire, Foxfire Swarm, Rising Flame


You were on level 10 of the Dungeon.
You worshipped Ignis.
Ignis was extremely pleased with you.
You visited 2 branches of the dungeon, and saw 13 of its levels.

You collected 730 gold pieces.
You spent 679 gold pieces at shops.

Inventory:

Missiles
 H - 111 stones (quivered)
 I - 3 curare-tipped darts
 K - 3 boomerangs
Armour
 c - a +0 troll leather armour
 l - a +1 cloak (worn)
 w - +0 acid dragon scales (worn)
 B - a +1 kite shield of reflection (worn)
Jewellery
 e - a +6 ring of strength
 g - a ring of see invisible (right claw)
 s - a ring of protection from cold
 t - a +6 ring of strength
 u - a +4 ring of protection (left claw)
 y - an amulet of regeneration (around neck)
 E - a ring of protection from cold
Wands
 d - a wand of iceblast (26)
 r - a wand of flame (14)
 v - a wand of mindburst (8)
 F - a wand of paralysis (11)
 J - a wand of polymorph (7)
Scrolls
 a - 2 scrolls of teleportation
 x - a scroll of amnesia
 z - a scroll of enchant weapon
 A - a scroll of holy word
 L - a scroll of identify
Potions
 b - 2 potions of heal wounds
 h - a potion of cancellation
 i - a potion of mutation
 j - 4 potions of flight
 k - 5 potions of curing
 m - 2 potions of magic
 n - 5 potions of ambrosia
 o - a potion of haste
 p - 3 potions of attraction
 q - a potion of invisibility
 D - a potion of might
 G - a potion of lignification
Miscellaneous
 C - a tin of tremorstones (2/2)


   Skills:
 + Level 8.5 Fighting
 + Level 4.0 Armour
 * Level 0.2 Shields
 * Level 13.8 Unarmed Combat
 - Level 1.0 Spellcasting
 - Level 2.1 Fire Magic
 + Level 2.6 Evocations


You had 12 spell levels left.
You didn't know any spells.
Your spell library contained the following spells:

 Spells                   Type           Power      Damage    Failure   Level
 Scorch                   Fire           8%         2d5       86%         2
 Foxfire                  Conj/Fire      8%         2x1d4     87%         1
 Beastly Appendage        Tmut           0%         N/A       95%         1
 Magic Dart               Conj           0%         1d3       95%         1
 Call Imp                 Summ           0%         N/A       99%         2
 Slow                     Hex            0%         N/A       99%         2
 Sublimation of Blood     Necr           0%         N/A       99%         2
 Wereblood                Tmut           0%         N/A       99%         2
 Conjure Flame            Conj/Fire      2%         6-21      99%         3
 Inner Flame              Hex/Fire       2%         N/A       99%         3
 Confusing Touch          Hex            0%         N/A       100%        3
 Mephitic Cloud           Conj/Pois/Air  0%         N/A       100%        3
 Ozocubu's Armour         Ice            0%         N/A       100%        3
 Spider Form              Tmut/Pois      0%         N/A       100%        3
 Vampiric Draining        Necr           0%         2d6       100%        3
 Flame Wave               Conj/Fire      2%         3d3       100%        4
 Petrify                  Tmut/Erth      0%         N/A       100%        4
 Irradiate                Conj/Tmut      0%         3d13      100%        5
 Ozocubu's Refrigeration  Ice            0%         4d5       100%        7


Dungeon Overview and Level Annotations

Branches:
Dungeon (12/15)            Temple (0/1) D:4            Lair (0/6) D:9
    Orc (1/2) D:10

Altars:
Cheibriados
Dithmenos
Hepliaklqana
Kikubaaqudgha
Makhleb
Xom
Yredelemnul

Shops:
D:6 :=   D:7 [==:(   D:8 (   D:11 ?!:[   Orc:1 =

Annotations:
D:6 1 runed translucent door, shoop's ghost, novice VSNe


Innate Abilities, Weirdness & Mutations

You are too large for most types of armour.
You have claws for hands.
Your natural rate of healing is unusually fast.
You are covered in fur. (AC +1)
You have tough skin. (AC +1)


Message History

The orc priest begins to cast a cantrip, but forgets the words!
The ogre closely misses you. The orc hits you but does no damage.
The orc warrior shouts!
You hear a shout! x2
You climb upwards.
Welcome back to the Dungeon!
There is a staircase to the Orcish Mines here.
You completely miss the orc.
Your acid dragon scales prevents you from hitting the ettin.
The orc priest looks satisfied for a moment.
You scratch the ettin but do no damage. You block the ettin's attack.
The ettin hits you with a +0 dire flail!!
* * * LOW HITPOINT WARNING * * *
The orc priest casts a cantrip, but nothing happens.
You mangle the ettin!!
The ettin is heavily wounded.
The ettin hits you with a +0 dire flail.
* * * LOW HITPOINT WARNING * * *
The ettin hits you with a +0 dire flail!!
* * * LOW HITPOINT WARNING * * *
You mangle the ettin!!
The ettin is almost dead.
The ettin closely misses you. You block the ettin's attack.
The orc priest begins to cast a cantrip, but forgets the words!
You scratch the ettin but do no damage.
The ettin is almost dead.
The ettin hits you with a +0 dire flail.
* * * LOW HITPOINT WARNING * * *
You block the ettin's attack.
You scratch the ettin but do no damage.
The ettin is almost dead.
The ettin hits you with a +0 dire flail.
* * * LOW HITPOINT WARNING * * *
The ettin hits you with a +0 dire flail.
* * * LOW HITPOINT WARNING * * *
The orc priest calls down the wrath of Beogh upon you.
Beogh smites you!
* * * LOW HITPOINT WARNING * * *
The ettin hits you with a +0 dire flail!!
* * * LOW HITPOINT WARNING * * *
The ettin hits you with a +0 dire flail!
You die...

...##.### #.............## #...
.#...#########............# #...
.........................## ##...
≈≈≈≈≈≈≈≈≈≈≈≈≈≈≈≈≈≈≈≈...### #....
≈≈≈≈≈≈≈≈≈≈≈≈≈≈≈≈≈≈≈≈.### #....
##################≈≈.# ##...
..........[....≈(#≈≈.##### ###...
............[.o###≈≈.....###..##.
......8.......OC@#≈≈.........####
..............o###≈≈.........# #
...............≈)#≈≈.........#
##################≈≈.........#
≈≈≈≈≈≈≈≈≈≈≈≈≈≈≈≈≈≈≈≈.........#
≈≈≈≈≈≈≈≈≈≈≈≈≈≈≈≈≈≈≈≈.........##
..............................#
###.........#####.............##
##...........# ##.............#


You could see an ettin, an ogre, an orc priest and an orc.

Vanquished Creatures
  A two-headed ogre (D:10)
  Sonja (D:10)
  A deep elf pyromancer (D:9)
  A manticore (D:9)
  A komodo dragon (D:10)
  A queen bee (D:9)
  4 trolls
  A hornet (D:8)
  2 shadows (D:11)
  A wraith (D:9)
  A vampire (D:9)
  2 wargs (D:9)
  Edmund (D:6)
  An acid dragon (D:9)
  Duvessa (D:6)
  10 orc warriors
  2 sky beasts
  A necrophage (D:5)
  A centaur (D:7)
  7 ogres
  A phantom (D:6)
  A kobold brigand (D:7)
  3 bullfrogs
  Dowan (D:6)
  4 scorpions
  A wyvern skeleton (D:7)
  33 killer bees
  4 wights (D:7)
  3 electric eels
  A bullfrog skeleton (D:7)
  3 centaur zombies (D:9)
  2 jellies
  3 hounds
  11 orc priests
  2 centaur skeletons
  6 iguanas
  9 orc wizards
  2 howler monkey zombies
  6 adders
  2 adder skeletons (D:4)
  A worm (D:3)
  3 dart slugs
  36 orcs
  2 bats (D:1)
  4 endoplasms
  A giant cockroach (D:1)
  3 goblins
  5 hobgoblins
  3 quokkas
  3 ball pythons
  2 frilled lizards
  7 kobolds
  4 rats
213 creatures vanquished.

Vanquished Creatures (others)
  An orc wizard (D:10)
  3 fungi (D:10)
4 creatures vanquished.

Grand Total: 217 creatures vanquished

Notes
Turn   | Place    | Note
-------+----------+-------------------------------------------
     0 | D:1      | lunkers the Troll Cinder Acolyte began the quest for the
                  | Orb.
     0 | D:1      | Reached XP level 1. HP: 22/22 MP: 1/1
   238 | D:1      | Reached XP level 2. HP: 29/29 MP: 2/2
   838 | D:2      | Reached skill level 4 in Unarmed Combat
   838 | D:2      | Reached XP level 3. HP: 36/36 MP: 3/3
  1395 | D:3      | Reached XP level 4. HP: 41/45 MP: 4/4
  1902 | D:4      | Found a staircase to the Ecumenical Temple.
  2154 | D:4      | Reached skill level 5 in Unarmed Combat
  2154 | D:4      | Reached XP level 5. HP: 53/53 MP: 5/5
  2448 | D:5      | Entered Level 5 of the Dungeon
  2535 | D:5      | Noticed an ogre
  2582 | D:4      | Reached XP level 6. HP: 56/62 MP: 6/6
  2583 | D:4      | Reached skill level 6 in Unarmed Combat
  2671 | D:5      | Reached XP level 7. HP: 67/71 MP: 7/7
  2699 | D:5      | Reached skill level 7 in Unarmed Combat
  2823 | D:5      | Found a basalt altar of Yredelemnul.
  2839 | D:5      | Found a shimmering altar of Xom.
  2842 | D:5      | Found a burning altar of Makhleb.
  2844 | D:5      | Found an ancient bone altar of Kikubaaqudgha.
  3270 | D:6      | Noticed Edmund
  3281 | D:6      | Killed Edmund
  3282 | D:6      | Reached skill level 5 in Fighting
  3282 | D:6      | Reached skill level 8 in Unarmed Combat
  3282 | D:6      | Reached XP level 8. HP: 73/80 MP: 8/8
  3326 | D:6      | Noticed shoop's ghost (novice VSNe)
  3330 | D:6      | Found a runed translucent door.
  3423 | D:6      | Noticed a troll
  3430 | D:6      | Killed a troll
  3431 | D:6      | Reached skill level 9 in Unarmed Combat
  3492 | D:6      | Found Vynaz's Book Boutique.
  3544 | D:6      | Found Jefralyi's Jewellery Emporium.
  3639 | D:6      | Noticed Dowan
  3641 | D:6      | Noticed Duvessa
  3650 | D:6      | Killed Duvessa
  3655 | D:6      | Killed Dowan
  3656 | D:6      | Reached skill level 10 in Unarmed Combat
  3797 | D:6      | Reached XP level 9. HP: 89/89 MP: 9/9
  4061 | D:7      | Identified the +3 war axe of the Coward {freeze, Fragile
                  | rF+ rC+ Dex+3}
  4085 | D:7      | Found Puyb Ath's Book Shop.
  4114 | D:7      | Found Befo's Jewellery Shoppe.
  4123 | D:7      | Found Ommeecir's Armour Shop.
  4197 | D:7      | You fall into a shaft and drop 3 floors!
  4197 | D:10     | Entered Level 10 of the Dungeon
  4364 | D:10     | Reached skill level 11 in Unarmed Combat
  4412 | D:10     | Noticed a komodo dragon
  4437 | D:10     | Killed a komodo dragon
  4537 | D:9      | Found a snail-covered altar of Cheibriados.
  4540 | D:9      | Found a hazy altar of Hepliaklqana.
  4644 | D:8      | Reached skill level 1 in Armour
  4674 | D:7      | Reached skill level 12 in Unarmed Combat
  4723 | D:7      | Found Tekar's Weapon Shoppe.
  4830 | D:7      | Found Giepp's Jewellery Shop.
  5107 | D:6      | Bought a +4 ring of protection for 504 gold pieces
  5129 | D:8      | Reached XP level 10. HP: 102/102 MP: 10/10
  5320 | D:8      | Found a shadowy altar of Dithmenos.
  5473 | D:8      | Found Zefas's Weapon Emporium.
  6016 | D:9      | Noticed a deep elf pyromancer
  6022 | D:9      | Killed a deep elf pyromancer
  6050 | D:9      | Noticed a manticore
  6059 | D:9      | Killed a manticore
  6290 | D:9      | Reached skill level 13 in Unarmed Combat
  6300 | D:9      | Reached skill level 1 in Evocations
  6446 | D:9      | You fall into a shaft and drop 3 floors!
  6495 | D:11     | Found Garoqeb's Book Shoppe.
  6518 | D:11     | Found Lynlahe's Distillery.
  6573 | D:11     | Found Ufir's Magic Scroll Emporium.
  6994 | D:10     | Noticed Sonja
  6996 | D:10     | Killed Sonja
  6996 | D:10     | Noticed a two-headed ogre
  7014 | D:10     | Killed a two-headed ogre
  7015 | D:10     | Reached XP level 11. HP: 28/111 MP: 11/11
  7227 | D:10     | Found a staircase to the Orcish Mines.
  7717 | D:9      | Found a staircase to the Lair.
  8242 | D:11     | Found Xas None's Armour Shop.
  8245 | D:11     | Bought a +1 kite shield of reflection for 175 gold pieces
  8266 | D:11     | Noticed a death knight
  8384 | Orc:1    | Entered Level 1 of the Orcish Mines
  8384 | Orc:1    | Noticed an ettin
  8384 | Orc:1    | Found Udeih's Jewellery Shoppe.
  8399 | D:10     | HP: 3/113 [ettin (19)]
  8399 | D:10     | Mangled by an ettin

Illustrated notes

Levels and vault maps discovered:
D:1:      doesnt_arrival_eight_statues, layout_rooms, minmay_stone_trees_small,
          dk_noncrumbling_3
D:2:      layout_basic, fountainhead
D:3:      layout_loops_ring
D:4:      layout_basic, minmay_temple_entry_stoned_glass
D:5:      layout_rooms, minitemple, roderic_roman_lattice, chequers_arboretum
D:6:      wander_river, layout_loops_ring, serial_shops, nicolae_shop_crystal,
          hellmonk_ghost_happy_afterlife, nicolae_stop_n_shop_1, uniq_duvessa,
          uniq_edmund
D:7:      layout_rooms, serial_shops, shop, shop, nicolae_inconvenience_store,
          shop, shop, lemuel_flamethrower_2
D:8:      layout_basic, nicolae_dithmenos_the_darkroom, serial_shops,
          nicolae_shop_behind_doors, lemuel_another_geyser
D:9:      layout_roguey [special_room_bee], grunt_temple_overflow_open,
          erik_lair_orcish_takeover, fountainhead, wad_mini_maze
D:10:     statuecave_lemuel, layout_cave_pods, erik_orc_2, fungi_pond_lemuel,
          nicolae_benzene_ring, uniq_sonja
D:11:     layout_long_grid, serial_shops, nicolae_shop_waterfront,
          nicolae_stop_n_shop_1, shop, kennysheep_little_box,
          nicolae_shop_trees, minmay_shop_grid_forest
D:12:     layout_roguey, minivault_5, minmay_circle_x
Orc:1:    layout_caves, serial_shops, shop, shop, shop, nicolae_shop_statue_plus

Skill      XL: |  1  2  3  4  5  6  7  8  9 10 11 |
---------------+----------------------------------+-----
Unarmed Combat | 4 5 6 8 10 12 13 | 13.8
Fighting       | 3 4 5 6 7 8 |  8.5
Armour         | 1 3 4 |  4.0
Evocations     | 2 |  2.6
Shields        | |  0.2
Spellcasting   | |  1.0
Fire Magic     | |  2.1

Action                   |  1- 3 |  4- 6 |  7- 9 | 10-12 || total
-------------------------+-------+-------+-------+-------++-------
Melee: Unarmed           |    73 |   105 |   213 |   330 ||   721
       Punch             |     1 |     2 |     8 |    15 ||    26
Throw: Stone             |       |       |       |    18 ||    18
Evoke: Wand              |       |       |     6 |    11 ||    17
  Use: Scroll            |       |       |    11 |    14 ||    25
Armor: Troll leather arm |    27 |    25 |    59 |   137 ||   248
       Robe              |     3 |       |       |       ||     3
       Acid dragon scale |       |       |       |     1 ||     1
Dodge: Dodged            |    34 |    36 |    72 |   138 ||   280
Block: Kite shield       |       |       |       |     5 ||     5

Table legend: (Time is in decaauts)
 A = Elapsed time spent in this place.
 B = Non-inter-level travel time spent in this place.
 C = Inter-level travel time spent in this place.
 D = Time resting spent in this place.
 E = Time spent auto-exploring this place.
 F = Levels seen in this place.
 G = Mean time per level.
                   A        B        C        D        E       F      G
               +--------+--------+--------+--------+--------+-----+--------+
         Total |   8317 |   7870 |    447 |      4 |   6069 |  13 |  639.8 |
       Dungeon |   8309 |   7863 |    446 |      4 |   6069 |  12 |  692.4 |
  Orcish Mines |      8 |      8 |      0 |      0 |      0 |   1 |    8.0 |
               +--------+--------+--------+--------+--------+-----+--------+

Top non-repeatable levels by time:
    D:10: 1389 daAuts
     D:9: 1105 daAuts
     D:8: 964 daAuts
     D:5: 771 daAuts
     D:2: 753 daAuts
     D:7: 699 daAuts
     D:6: 688 daAuts
     D:3: 669 daAuts
     D:4: 598 daAuts
     D:1: 442 daAuts
    D:11: 202 daAuts
    D:12: 23 daAuts
   Orc:1: 8 daAuts
